 Dungeon Crawl Stone Soup version 0.31-a0-703-gcfe89afef6 (webtiles) character file.

Game seed: 5520278146330822327

2081 rinse the Covert (level 9, -4/57 HPs)
             Began as a Kobold Delver on Sept 8, 2023.
             Was a Believer of Wu Jian.
             Slain by a troll (14 damage)
             ... on level 6 of the Dungeon.
             The game lasted 00:08:05 (5296 turns).

rinse the Covert (Kobold Delver)                    Turns: 5296, Time: 00:08:06

Health: -4/57      AC:  6    Str:  9    XL:     9   Next: 51%
Magic:  9/9        EV: 24    Int: 11    God:    Wu Jian [**....]
Gold:   174        SH:  0    Dex: 21    Spells: 8/8 levels left

rFire   . . .        n - +2 dagger (venom)
rCold   . . .        (no shield)
rNeg    . . .        b - +0 leather armour
rPois   .            (no helmet)
rElec   .            (no cloak)
rCorr   +            (no gloves)
SInv    .            A - +2 pair of boots {Fly}
Will    .....        (no amulet)
Stlth   ++++++       l - ring of resist corrosion
HPRegen 0.29/turn    s - +5 ring of evasion
MPRegen 0.11/turn

%: no passive effects
@: flying
A: small, no large weapons, nightstalker 3
a: Renounce Religion, Wall Jump


You were on level 6 of the Dungeon.
You worshipped Wu Jian.
Wu Jian was pleased with you.
You visited 2 branches of the dungeon, and saw 7 of its levels.

You collected 339 gold pieces.
You spent 165 gold pieces at shops.

Inventory:

Hand Weapons
 a - a +0 short sword
 n - a +2 dagger of venom (weapon)
 D - a +3 short sword
Missiles
 t - 4 throwing nets
Armour
 b - a +0 leather armour (worn)
 A - a +2 pair of boots of flying (worn)
Jewellery
 l - a ring of resist corrosion (left hand)
 r - an amulet of guardian spirit
 s - a +5 ring of evasion (right hand)
Wands
 g - a wand of digging (3)
 h - a wand of charming (21)
 i - a wand of iceblast (10) (quivered)
 w - a wand of mindburst (15)
Scrolls
 c - 5 scrolls of fog
 d - 2 scrolls of amnesia
 e - 2 scrolls of fear
 m - a scroll of teleportation
 o - 2 scrolls of revelation
 u - a scroll of enchant weapon {unknown}
 y - a scroll of enchant armour
 B - a scroll of vulnerability {unknown}
 C - a scroll of immolation
Potions
 f - 2 potions of haste
 j - a potion of berserk rage
 k - a potion of degeneration {unknown}
 p - 2 potions of curing
 q - 2 potions of lignification {unknown}
 v - 2 potions of cancellation
 x - a potion of might {unknown}
 z - a potion of mutation {unknown}
 E - 2 potions of enlightenment {unknown}
 F - a potion of invisibility {unknown}


   Skills:
 + Level 7.3 Fighting
 + Level 8.2 Short Blades
 + Level 7.4 Dodging
 + Level 10.7 Stealth


You had 8 spell levels left.
You didn't know any spells.
Your spell library contained the following spells:

 Spells                   Type           Power      Damage    Failure   Level
 Lesser Beckoning         Tloc           0%         N/A       58%         2
 Gell's Gravitas          Tloc           0%         N/A       83%         3
 Teleport Other           Tloc           0%         N/A       83%         3


Dungeon Overview and Level Annotations

Branches:
Dungeon (6/15)             Temple (1/1) D:6

Altars:
Ashenzari
Dithmenos
Elyvilon
Fedhas
Makhleb
Nemelex Xobeh
Okawaru
Ru
Sif Muna
Trog
Uskayaw
Vehumet
Wu Jian
Xom
Yredelemnul

Shops:
D:4 !*[   D:5 (

Annotations:
D:3 1 runed translucent door
D:6 3 runed translucent doors


Innate Abilities, Weirdness & Mutations

You are small and have problems with some larger weapons.
You are completely attuned to the shadows.


Message History

You hit the troll.
The troll is moderately wounded.
The troll barely misses you. The troll completely misses you.
The troll closely misses you.
You hit the troll but do no damage.
The troll is moderately wounded.
You hit the troll.
The troll looks as sick as possible!
The troll is moderately wounded.
The troll bites you. The troll claws you. The troll closely misses you.
You hit the troll but do no damage.
The troll looks as sick as possible!
The troll is moderately wounded.
The troll completely misses you. The troll misses you. x2
You closely miss the troll.
The troll is moderately wounded.
You hit the troll.
The troll is heavily wounded.
The troll barely misses you. The troll claws you! The troll closely misses you.
You barely miss the troll.
The troll is heavily wounded.
You barely miss the troll. You punch the troll.
The troll is heavily wounded.
The troll completely misses you. The troll closely misses you.
The troll claws you.
You hit the troll.
The troll looks as sick as possible!
The troll is severely wounded.
You hit the troll but do no damage.
The troll is severely wounded.
The troll barely misses you. x2; The troll claws you.
You barely miss the troll.
The troll is severely wounded.
The troll bites you! The troll claws you!
* * * LOW HITPOINT WARNING * * *
The troll misses you.
You hit the troll.
The troll looks as sick as possible!
The troll is severely wounded.
You hit the troll but do no damage.
The troll looks as sick as possible!
Your punch misses the troll.
The troll is almost dead.
The troll bites you!
You die...

,* #..# #.....
,***####..# ######
,,,,......#
****#####.# #.# #.# ##
#.# .#####
#.###########* .....#
##.......@T...*
#######
...#.###...##########*
####### .#.#.##.....#
##⌠.⌠#####
...#.########***
##.>.'....
.......#,,*,*,,*
##⌠.⌠####.
.....###*,,,,,**
####### #. .....#
*,,,,,,,*
############## .....#
*#.....##
#......#.###.# .....#
#Z......#
#.#.##.#.##..#


You could see a troll (extremely poisoned).

Vanquished Creatures
  Pikel (D:5)
  Sigmund (D:5)
  A wraith (D:5)
  2 ice beasts
  A sky beast (D:6)
  2 ogres
  A centaur (D:6)
  A lemure (D:5)
  A scorpion (D:5)
  A gnoll sergeant (D:5)
  A bullfrog (D:4)
  3 wights (D:6)
  3 hounds
  Ijyb (D:4)
  A sleepcap (D:5)
  2 iguanas
  An orc wizard (D:5)
  11 gnolls
  6 adders
  An ufetubus (D:4)
  2 worms
  5 dart slugs
  4 orcs
  8 endoplasms
  A giant cockroach (D:1)
  4 hobgoblins
  A quokka (D:2)
  7 ball pythons
  8 bats
  3 frilled lizards
  3 goblins
  A goblin zombie (D:3)
  7 kobolds
  8 rats
104 creatures vanquished.

Notes
Turn   | Place    | Note
-------+----------+-------------------------------------------
     0 | D:5      | rinse the Kobold Delver began the quest for the Orb.
     0 | D:5      | Reached XP level 1. HP: 14/14 MP: 1/1
    75 | D:6      | Found a runed translucent gate.
    75 | D:6      | Found a runed translucent gate.
    75 | D:6      | Found a runed translucent gate.
    76 | D:6      | Noticed an unseen horror skeleton
   120 | D:6      | Found a staircase to the Ecumenical Temple.
   125 | Temple   | Entered the Ecumenical Temple
   148 | Temple   | Became a worshipper of the Wu Jian Council
   257 | D:3      | Noticed a human
   257 | D:3      | Found a runed translucent door.
   363 | D:2      | Reached XP level 2. HP: 19/19 MP: 2/2
   806 | D:1      | Reached XP level 3. HP: 23/23 MP: 3/3
  1008 | D:1      | Reached skill level 7 in Stealth
  1040 | D:1      | Reached * piety under Wu Jian
  1521 | D:2      | Reached XP level 4. HP: 18/29 MP: 4/4
  2197 | D:3      | Found a basalt altar of Yredelemnul.
  2390 | D:3      | Reached XP level 5. HP: 33/33 MP: 5/5
  2424 | D:3      | Noticed an ogre
  2429 | D:3      | Killed an ogre
  2430 | D:3      | Reached XP level 6. HP: 39/39 MP: 6/6
  2803 | D:4      | Found Doraaff's General Store.
  2829 | D:4      | Identified the +2 robe of Jumacaru {Int+3 Stlth+}
  2842 | D:4      | Noticed Ijyb
  2846 | D:4      | Killed Ijyb
  2879 | D:4      | Identified the +8 spear of Departure {pain, *Noise rN+
                  | Int+2 SInv}
  2883 | D:4      | Reached ** piety under Wu Jian
  2886 | D:4      | Reached skill level 8 in Stealth
  2936 | D:4      | Found Hatol's Distillery.
  3118 | D:4      | Reached skill level 5 in Short Blades
  3118 | D:4      | Reached XP level 7. HP: 44/44 MP: 7/7
  3122 | D:4      | Found a shimmering altar of Xom.
  3227 | D:4      | Found Orchierut's Antique Armour Boutique.
  3236 | D:4      | Reached skill level 5 in Fighting
  3263 | D:4      | Bought a pair of embroidered boots for 165 gold pieces
  3559 | D:5      | Noticed Pikel
  3578 | D:5      | Killed Pikel
  3579 | D:5      | Reached skill level 5 in Dodging
  3579 | D:5      | Reached skill level 9 in Stealth
  3579 | D:5      | Reached XP level 8. HP: 22/51 MP: 8/8
  3793 | D:5      | Noticed Sigmund
  3805 | D:5      | Killed Sigmund
  3848 | D:5      | Found Bees's Weapon Shop.
  4008 | D:5      | Noticed a wraith
  4012 | D:5      | Killed a wraith
  4038 | D:5      | Reached skill level 10 in Stealth
  4038 | D:5      | Reached XP level 9. HP: 56/56 MP: 9/9
  5277 | D:6      | Noticed a troll
  5296 | D:6      | Slain by a troll

Illustrated notes

Levels and vault maps discovered:
D:1:      dpeg_arrival_solitude, layout_basic
D:2:      layout_basic
D:3:      layout_loops_ring, dk_yredelemnul_ordeal, corexii_corridor_pit,
          minmay_misc_feat_hallway
D:4:      layout_cave_pools, xom_butterflies, serial_shops, shop_coins,
          nicolae_shop_tiny_glass, nicolae_shop_tiny_waterfront, uniq_ijyb
D:5:      layout_basic, serial_shops, shop, uniq_sigmund, uniq_pikel
D:6:      layout_loops_corners, temple_doors_ab, gammafunk_ghost_necromancy,
          nicolae_specific_store
Temple:   nicolae_temple_ecumenical_triangle

Skill      XL: |  1  2  3  4  5  6  7  8  9 |
---------------+----------------------------+-----
Short Blades   | 3 4 5 6 7 8 |  8.2
Dodging        | 3 4 5 6 7 |  7.4
Stealth        | 7 8 9 10 | 10.7
Fighting       | 4 5 6 7 |  7.3

Action                     |  1- 3 |  4- 6 |  7- 9 || total
---------------------------+-------+-------+-------++-------
  Melee: Short sword       |    30 |       |       ||    30
         Dagger            |    70 |    42 |   164 ||   276
         Punch             |     1 |       |     2 ||     3
Ability: Lunge             |    14 |     9 |    13 ||    36
  Evoke: Wand              |       |     2 |       ||     2
    Use: Scroll            |     1 |       |     9 ||    10
   Stab: Sleeping          |    22 |    24 |    17 ||    63
         Distracted        |     1 |       |       ||     1
 Armour: Leather armour    |    29 |     2 |    37 ||    68
  Dodge: Dodged            |    51 |     8 |    83 ||   142

Table legend: (Time is in decaauts)
 A = Elapsed time spent in this place.
 B = Non-inter-level travel time spent in this place.
 C = Inter-level travel time spent in this place.
 D = Time resting spent in this place.
 E = Time spent auto-exploring this place.
 F = Levels seen in this place.
 G = Mean time per level.
                   A        B        C        D        E       F      G
               +--------+--------+--------+--------+--------+-----+--------+
         Total |   5226 |   5036 |    190 |    295 |   3853 |   7 |  746.6 |
       Dungeon |   5189 |   5012 |    177 |    295 |   3853 |   6 |  864.8 |
        Temple |     36 |     23 |     13 |      0 |      0 |   1 |   36.0 |
               +--------+--------+--------+--------+--------+-----+--------+

Top non-repeatable levels by time:
     D:5: 1228 daAuts
     D:2: 1086 daAuts
     D:6: 891 daAuts
     D:1: 750 daAuts
     D:3: 652 daAuts
     D:4: 581 daAuts
  Temple: 36 daAuts
